 Dungeon Crawl Stone Soup version 0.28.0-53-g5a82cb258f (webtiles) character file.

Game seed: 1767369268618259619

2 QueenGhuleh the Skirmisher (level 1, 0/20 HPs)
             Began as a Djinni Berserker on Aug 22, 2022.
             Was a Follower of Trog.
             Frozen to death by an endoplasm (6 damage)
             ... on level 1 of the Dungeon.
             The game lasted 00:00:53 (311 turns).

QueenGhuleh the Skirmisher (Djinni Berserker)        Turns: 311, Time: 00:00:53

Health: 0/20       AC:  2    Str: 16    XL:     1   Next: 33%
Gold:   13         EV: 12    Int:  8    God:    Trog [*.....] SH:  0 Dex: 12

rFire   + + .      SeeInvis .   a - +0 hand axe
rCold   x . .      Faith    .   (no shield)
rNeg    . . .      Spirit   .   b - +0 animal skin
rPois   ∞          Reflect  .   (no helmet)
rElec   .          Harm     .   (no cloak)
rCorr   .          Rampage  .   (no gloves)
Will    .....                   (boots unavailable)
Stlth   +.........              (no amulet)
HPRegen 0.06/turn               (no ring)
MPRegen 0.00/turn               (no ring)

@: flying
A: sickness immunity, fire resistance 2, cold vulnerability 1, float, innate
caster, HP casting, extra vitality 1
a: Renounce Religion, Berserk


You were on level 1 of the Dungeon.
You worshipped Trog.
Trog was aware of your devotion.
You visited 1 branch of the dungeon, and saw 1 of its levels.

You collected 13 gold pieces.

Inventory:

Hand Weapons
 a - a +0 hand axe (weapon)
Armour
 b - a +0 animal skin (worn)


   Skills:
 + Level 3.0 Fighting
 + Level 2.5 Axes
 + Level 2.0 Armour
 + Level 2.2 Dodging


You couldn't memorise any spells.
You didn't know any spells.
Your spell library was empty.

Dungeon Overview and Level Annotations

Branches:
Dungeon (1/15)

Altars:


Innate Abilities, Weirdness & Mutations

You are immune to sickness and miasma.
You are immune to poison.
Your flesh is very heat resistant. (rF++)
You are vulnerable to cold. (rC-)
You float through the air rather than walking.
You learn spells naturally, not from books.
Your magical power is your life essence.
You have superior vitality. (+4 MHP)


Message History

Found 21 stones.
You see here 21 stones.
A rat comes into view.
A rat is nearby!
A rat is nearby!
Found 11 gold pieces.
You see here 13 gold pieces.
You barely miss the rat. The rat closely misses you. The rat barely misses you.
You closely miss the rat. The rat barely misses you.
You completely miss the rat. The rat bites you.
You hit the rat.
You kill the rat!
Trog accepts your kill.
No target in view!
No target in view!
You now have 13 gold pieces.
An endoplasm comes into view.
You see here 11 gold pieces.
An endoplasm is nearby!
An endoplasm is nearby!
The endoplasm hits you.
You hit the endoplasm but do no damage. The endoplasm hits you.
You hit the endoplasm but do no damage. The endoplasm freezes you.
You are frozen!
You feel a terrible chill!
You are too injured to fight recklessly!
You are too injured to fight recklessly!
You are too injured to fight recklessly!
You are too injured to fight recklessly!
You hit the endoplasm.
The endoplasm is almost dead.
The endoplasm hits you but does no damage.
The endoplasm freezes you.
You are frozen.
You feel a terrible chill!
* * * LOW HITPOINT WARNING * * *
You hit the endoplasm but do no damage.
The endoplasm is almost dead.
The endoplasm freezes you.
You are frozen.
You feel a terrible chill!
You die...

.........# #.#
..>........ #.#
###########. #.#
#.##.# #.##.#
#..#.##
#####....#
.......$.########
#######..@J......
#.#........
#.##....... ...
....... ....
...$... ##..
####### #...


You could see an endoplasm.

Vanquished Creatures
  A quokka (D:1)
  A rat (D:1)
2 creatures vanquished.

Notes
Turn   | Place    | Note
-------+----------+-------------------------------------------
     0 | D:1      | QueenGhuleh the Djinni Berserker began the quest for the
                  | Orb.
     0 | D:1      | Reached XP level 1. HP: 20/20 MP: 0/0
   311 | D:1      | Frozen to death by an endoplasm

Illustrated notes

Levels and vault maps discovered:
D:1:      amcnicky_arrival_double_pillar, layout_rooms, serial_aquarium,
          aquarium_bridge_square [aquarium_subvault_wall,
          aquarium_subvault_bridge, aquarium_subvault_wall,
          aquarium_subvault_balcony], aquarium_window_fake,
          aquarium_window_fake, aquarium_view_4, aquarium_view_2d,
          aquarium_balcony_3b, aquarium_pool_double

Action                   || total
-------------------------++-------
Melee: Hand axe          ||    19
Armor: Animal skin       ||     1
Dodge: Dodged            ||    10
